Map: Daybreak LE (Void)

Players

KickHimPedro - Winner!

  • Race: Terran Terran
  • League: Silver
  • Spawn Location: 1:00

Fropez

  • Race: Protoss Protoss
  • League: Gold
  • Spawn Location: 7:00

VOD

Have the link to the VOD?

Description

Time

  • Played on: Nov. 30, 2016, 12:29 p.m.
  • Length: 32:13
Show
View Real Time Build Order
Export as new Build Order

KickHimPedro Terran - Winner!

Build Orders: MMM Bio 

Get SALT Encoding   

  12  0:08  SCV  
  13  0:20  SCV  
  14  0:26  Supply Depot  
  14  0:32  SCV  
  15  0:41  Refinery  
  15  0:48  SCV  
  16  0:50  Barracks  
  16  1:00  SCV  
  17  1:12  SCV  
  17  1:13  Supply Depot  
  18  1:24  SCV  
  19  1:36  SCV  
  20  1:43  Marine  
  21  2:00  Orbital Command, Barracks  
  21  2:01  Marine  
  22  2:14  Factory  
  22  2:27  SCV, Barracks Tech Lab  
  23  2:39  SCV  
  23  2:43  Barracks  
  24  2:46  Marauder  
  24  2:50  Supply Depot, Barracks Tech Lab  
  26  2:51  SCV  
  27  3:03  SCV  
  28  3:12  Marauder  
  30  3:13  Concussive Shells, Supply Depot  
  30  3:15  SCV  
  30  3:18  Marauder  
  33  3:21  Widow Mine  
  35  3:27  SCV  
  35  3:33  Marauder  
  38  3:34  Barracks Reactor  
  38  3:39  SCV  
  39  3:41  Refinery  
  39  3:42  Engineering Bay  
  39  3:49  Widow Mine  
  39  3:52  SCV  
  42  3:56  Marauder  
  43  4:04  SCV, Marauder  
  46  4:10  Supply Depot  
  46  4:43  Widow Mine  
  48  4:46  Marine  
  48  4:47  Marine, Marauder x2  
  48  4:51  Supply Depot  
  54  5:04  Marine  
  55  5:12  Marine x2, Widow Mine  
  55  5:13  Marauder  
  61  5:22  Marine  
  60  5:40  Terran Infantry Weapons Level 1  
  60  5:41  Starport  
  56  6:12  Marine x2, Marauder x2  
  62  6:19  Starport Reactor, Command Center  
  62  6:22  Stimpack  
  62  6:30  Marine  
  58  6:33  Marauder  
  42  7:01  Medivac x2  
  42  7:02  Marine x4  
  50  7:20  Marine x4  
  54  7:31  Factory Tech Lab  
  54  7:34  Terran Infantry Armor Level 1  
  54  7:38  Marine x4  
  54  7:39  Missile Turret  
  54  7:43  Combat Shields  
  58  7:56  Marine x4  
  58  7:58  Siege Tank  
  65  8:01  SCV  
  64  8:13  Marine, SCV  
  64  8:14  Marine x3  
  64  8:15  SCV  
  70  8:23  Missile Turret  
  70  8:27  SCV  
  70  8:28  Missile Turret  
  70  8:31  Marine x3  
  70  8:32  Marine  
  75  8:43  Missile Turret  
  75  8:49  Marine x3  
  75  8:54  Supply Depot  
  78  9:01  Refinery  
  78  9:16  Marine x2, Marauder  
  83  9:22  Supply Depot  
  83  9:25  Orbital Command  
  82  9:32  Refinery  
  82  9:36  Marine x3  
  82  9:37  Marine  
  86  9:43  Supply Depot  
  86  9:44  Medivac x2  
  90  9:53  Marine  
  90  9:54  Marine x2  
  90  9:55  Marine  
  90  9:59  SCV  
  94  10:05  Armory  
  87  10:11  Marine, SCV  
  87  10:12  Marauder  
  87  10:13  Marauder  
  66  10:33  Marauder  
  66  10:35  Marauder  
  68  10:36  Marine x2  
  70  10:43  SCV  
  71  10:54  Marine x2  
  71  10:55  SCV, Marauder  
  71  10:56  Marauder  
  78  10:59  Command Center  
  78  11:07  SCV  
  78  11:09  Siege Tank  
  82  11:11  Marine  
  82  11:12  Marine  
  82  11:16  Marine  
  82  11:17  Marine  
  86  11:29  Marine  
  87  11:34  Marauder  
  91  11:40  Marine, Marauder  
  91  11:41  Siege Tank  
  91  11:42  Medivac x2  
  91  11:45  Terran Infantry Weapons Level 2  
  99  11:47  Marine  
  100  11:55  Marauder  
  102  12:11  Planetary Fortress  
  102  12:12  Widow Mine  
  102  12:14  Missile Turret  
  92  12:41  Widow Mine  
  92  12:50  SCV  
  81  13:01  Marine, Marauder x2  
  81  13:02  Marine  
  81  13:03  SCV  
  83  13:14  Missile Turret  
  83  13:15  SCV  
  83  13:19  Marine x2  
  85  13:23  Marauder x2  
  90  13:37  Marine x2  
  81  13:43  Marine  
  81  13:44  Marauder  
  84  14:00  Command Center  
  84  14:05  Missile Turret  
  83  14:17  Marauder x2  
  83  14:18  Marine x2  
  88  14:39  Marauder x2  
  92  14:46  Marine x2  
  94  15:00  Marine, Marauder  
  92  15:17  Planetary Fortress  
  92  15:26  Missile Turret  
  91  15:32  Marauder  
  91  15:33  Marauder  
  91  15:54  Marauder x2  
  90  15:58  SCV  
  91  16:04  Siege Tank  
  91  16:10  SCV  
  95  16:23  SCV  
  96  16:35  SCV  
  97  16:44  Siege Tank  
  100  16:47  SCV  
  100  16:57  Missile Turret  
  100  16:59  SCV  
  98  17:10  Refinery  
  98  17:11  SCV  
  99  17:16  Siege Tank  
  102  17:23  SCV  
  102  17:24  Viking, Medivac  
  102  17:26  Marauder  
  102  17:27  Marine x2, Marauder  
  113  17:30  Terran Infantry Weapons Level 3  
  113  17:35  SCV  
  113  17:36  Barracks  
  114  17:45  Marine x2  
  114  17:47  SCV  
  116  18:02  Marine  
  117  18:07  Supply Depot  
  117  18:28  Marine x2  
  117  18:29  SCV, Marauder x2  
  117  18:30  Supply Depot  
  124  18:41  SCV  
  125  18:51  Marine x2  
  125  18:52  Marauder  
  125  18:53  SCV  
  125  18:55  Refinery  
  130  19:09  Marine  
  131  19:10  Starport  
  131  19:11  Barracks Reactor  
  131  19:13  Marine, Command Center  
  131  19:15  Supply Depot  
  132  19:17  Marine  
  133  19:36  Marine x2  
  133  19:37  Supply Depot, Marauder x2  
  123  19:54  Marine x2  
  123  19:58  Marine, Marauder  
  108  20:07  Terran Infantry Armor Level 2  
  108  20:12  Marine x2  
  105  20:15  Marine  
  105  20:19  Marine  
  67  20:50  Marine x6  
  67  20:55  Siege Tank  
  76  20:58  Planetary Fortress  
  76  21:05  Missile Turret  
  76  21:07  Marine x2  
  76  21:08  Marine x4  
  82  21:11  Medivac x2  
  82  21:14  Starport Tech Lab  
  86  21:25  Marine x3  
  86  21:26  Marine x3  
  86  21:27  Siege Tank  
  86  21:28  Missile Turret  
  95  21:34  SCV  
  88  21:43  Marine x4  
  88  21:44  Marine x2  
  88  21:46  SCV  
  79  21:58  SCV  
  79  21:59  Siege Tank  
  79  22:01  Marine x5  
  83  22:02  Marine  
  89  22:10  SCV  
  90  22:19  Marine x4  
  90  22:20  Marauder x2  
  90  22:22  SCV  
  93  22:32  Siege Tank  
  93  22:34  SCV  
  93  22:36  Marine, Missile Turret  
  93  22:37  Marine x3  
  98  22:41  Marauder x2  
  105  22:47  SCV  
  106  22:54  Marine x3  
  106  22:55  Marine  
  110  22:59  SCV  
  110  23:03  Marauder x2  
  110  23:04  Siege Tank  
  118  23:12  Marine x4  
  119  23:22  Missile Turret  
  119  23:24  Marauder x2  
  123  23:30  Marine  
  121  23:34  Medivac x2  
  125  23:45  Marauder x2, Refinery  
  129  23:56  Terran Infantry Armor Level 3  
  129  23:58  Raven  
  131  24:07  Marauder x2  
  131  24:09  Marine x4  
  110  24:27  Marine x5  
  110  24:28  Marine  
  84  24:40  Ghost Academy  
  84  24:41  Raven, Medivac x2  
  84  24:43  SCV  
  84  24:44  Marine  
  84  24:45  Marine x5  
  95  24:55  SCV  
  94  25:02  Marine  
  94  25:03  Marine x5, Siege Tank  
  103  25:08  SCV  
  103  25:11  Medivac x2  
  108  25:20  Marine  
  109  25:23  Ghost x2  
  109  25:24  Medivac  
  105  25:40  SCV  
  99  25:48  Marine  
  100  25:52  SCV, Ghost  
  104  26:04  SCV  
  104  26:16  SCV  
  105  26:25  Refinery  
  105  26:28  SCV  
  106  26:40  SCV  
  107  26:52  SCV  
  108  27:04  SCV  
  54  27:45  Marine x2  
  54  27:46  Marine x4  
  54  27:50  SCV  
  61  28:02  SCV  
  61  28:03  Marine x6  
  68  28:12  Medivac x2  
  72  28:14  SCV  
  73  28:21  Marine x6  
  73  28:26  Command Center  
  79  28:38  Marine  
  79  28:39  Marine x5  
  85  28:56  Marine  
  85  28:57  Marine x3  
  89  29:08  Viking x2  
  93  29:15  Marauder x2  
  97  29:28  Marine x4  
  101  29:36  Ghost  
  101  29:37  Marauder  
  105  29:41  Planetary Fortress  
  105  29:46  Marine x3  
  105  29:47  Missile Turret  
  108  29:57  Ghost  
  110  30:05  Marauder  
  112  30:14  Missile Turret  
  112  30:15  Siege Tank  
  115  30:47  Siege Tank  
  116  31:10  SCV  
  117  31:22  SCV  
  107  31:34  SCV  
  87  31:46  SCV  
  88  31:47  Marauder x2  
  88  31:48  Marine  
  88  31:49  Marine x3  
  96  31:59  SCV  
Show
View Real Time Build Order
Export as new Build Order

Fropez Protoss 

Build Orders: 1 Gate Expand 

Get SALT Encoding   

  12  0:01  Probe (Chrono Boost)  
  13  0:14  Pylon  
  13  0:17  Probe (Chrono Boost)  
  14  0:28  Probe (Chrono Boost)  
  15  0:35  Gateway  
  15  0:39  Probe (Chrono Boost)  
  16  0:46  Assimilator  
  16  0:49  Probe (Chrono Boost)  
  17  1:09  Probe (Chrono Boost)  
  18  1:22  Nexus  
  18  1:36  Cybernetics Core  
  18  1:37  Probe (Chrono Boost)  
  19  1:49  Pylon, Probe (Chrono Boost)  
  20  1:55  Assimilator  
  20  2:01  Probe (Chrono Boost)  
  21  2:18  Warp Gate (Chrono Boost), Mothership Core (Chrono Boost)  
  24  2:22  Adept  
  24  2:36  Probe (Chrono Boost)  
  25  2:40  Probe (Chrono Boost)  
  26  2:49  Probe (Chrono Boost)  
  27  2:51  Pylon  
  27  3:02  Probe (Chrono Boost)  
  27  3:05  Pylon  
  28  3:06  Stalker  
  28  3:10  Probe  
  31  3:15  Probe  
  31  3:16  Gateway  
  32  3:21  Probe  
  32  3:25  Pylon  
  33  3:32  Twilight Council  
  33  3:36  Stalker  
  35  3:45  Probe x2  
  37  3:53  Gateway  
  37  3:55  Probe  
  37  3:57  Probe  
  37  3:58  Assimilator  
  39  4:06  Probe  
  39  4:09  Resonating Glaives (Chrono Boost)  
  39  4:31  Pylon  
  39  4:32  Probe  
  40  4:41  Probe  
  34  4:46  Probe  
  34  4:52  Probe  
  35  4:58  Pylon  
  35  4:59  Probe  
  37  5:07  Probe  
  34  5:19  Probe  
  35  5:24  Nexus  
  35  5:31  Adept x3  
  41  5:37  Probe x2  
  41  5:38  Assimilator  
  41  5:59  Adept  
  41  6:00  Adept x2, Probe  
  41  6:01  Probe  
  47  6:13  Pylon  
  47  6:25  Adept x3  
  40  6:50  Probe, Robotics Facility  
  40  6:51  Probe  
  40  6:52  Forge  
  42  7:00  Probe  
  42  7:07  Probe x2  
  44  7:11  Probe  
  45  7:16  Gateway  
  45  7:17  Charge (Chrono Boost)  
  45  7:19  Probe  
  46  7:26  Probe x2  
  46  7:27  Pylon  
  48  7:30  Pylon  
  48  7:34  Pylon  
  48  7:36  Protoss Ground Weapons Level 1 (Chrono Boost)  
  48  7:38  Templar Archives  
  48  7:39  Assimilator  
  48  7:40  Observer (Chrono Boost), Probe  
  48  7:41  Probe  
  48  7:42  Pylon  
  50  7:48  Adept x2  
  50  7:49  Adept  
  56  8:05  Photon Cannon  
  56  8:10  Probe  
  56  8:11  Probe  
  56  8:12  Psionic Storm  
  58  8:15  Pylon  
  58  8:19  Photon Cannon  
  58  8:20  High Templar x2  
  58  8:21  Photon Cannon  
  58  8:25  Pylon  
  62  8:33  Adept x2  
  66  8:36  Probe x2  
  66  8:40  Warp Prism  
  70  8:54  Probe x2  
  72  9:03  Probe  
  72  9:06  Probe  
  72  9:07  High Templar x2  
  72  9:08  Pylon  
  78  9:19  High Templar x2  
  78  9:21  Photon Cannon  
  82  9:29  Gateway, Protoss Ground Weapons Level 2  
  82  9:36  Gateway  
  82  9:38  Gateway  
  82  9:44  Adept x2  
  86  9:59  Pylon  
  86  10:02  Pylon  
  72  10:12  Photon Cannon  
  71  10:15  Archon  
  71  10:16  Archon  
  71  10:17  Zealot  
  71  10:18  Zealot x3  
  70  10:26  Mothership Core (Chrono Boost)  
  66  10:33  Photon Cannon  
  66  10:36  Photon Cannon  
  66  10:54  Adept x5  
  66  10:56  Probe (Chrono Boost)  
  77  10:57  Probe (Chrono Boost)  
  77  10:58  Probe (Chrono Boost)  
  77  11:06  Probe (Chrono Boost)  
  77  11:07  Gateway  
  77  11:09  Probe (Chrono Boost)  
  77  11:11  Assimilator  
  79  11:18  High Templar x2  
  79  11:19  High Templar x3  
  79  11:24  Warp Prism, Pylon  
  89  11:26  Probe (Chrono Boost)  
  89  11:27  Probe (Chrono Boost)  
  89  11:28  Probe (Chrono Boost)  
  94  11:46  Protoss Shields Level 1  
  94  11:53  Zealot x3  
  94  11:54  Zealot x4  
  108  12:08  Pylon  
  100  12:10  Pylon  
  100  12:13  Pylon  
  100  12:16  Adept x2  
  100  12:17  Adept x5  
  108  12:39  Zealot x5  
  108  12:40  Zealot x2  
  118  12:44  Archon x2  
  112  13:13  Zealot  
  112  13:14  Zealot x5  
  112  13:15  Zealot  
  98  13:38  Zealot x6  
  98  13:39  Zealot  
  92  13:53  Immortal  
  78  13:56  Protoss Ground Weapons Level 3  
  78  13:58  Nexus  
  78  14:01  Assimilator  
  82  14:05  Assimilator  
  82  14:09  Pylon  
  82  14:10  High Templar x5  
  82  14:11  High Templar x3  
  82  14:12  Pylon  
  82  14:15  Pylon  
  86  14:45  Probe (Chrono Boost), Gateway  
  89  14:46  Probe x2 (Chrono Boost)  
  89  14:47  Gateway  
  89  14:54  Pylon  
  82  15:13  Zealot x2  
  82  15:14  Zealot x5  
  92  15:34  Zealot  
  94  15:39  Zealot x3  
  94  15:40  Zealot x4  
  92  16:04  Photon Cannon  
  92  16:06  Pylon  
  92  16:12  Gateway  
  92  16:13  Pylon  
  92  16:18  Pylon  
  92  16:20  Pylon  
  92  16:23  Pylon  
  92  16:33  Gateway, Protoss Shields Level 2  
  92  16:34  Gateway, Photon Cannon  
  92  16:37  Photon Cannon, Gateway  
  92  16:42  Zealot x3  
  92  16:43  Zealot x2  
  92  16:44  Zealot  
  92  16:45  Zealot x2  
  92  16:46  Zealot  
  102  16:47  Zealot  
  98  17:00  Zealot  
  92  17:03  Zealot  
  94  17:27  Adept x2  
  94  17:28  Adept x6  
  94  17:29  Adept x2  
  114  17:42  Observer  
  108  17:58  Immortal  
  108  17:59  Zealot x6  
  108  18:00  Zealot x3  
  123  18:16  Pylon  
  123  18:20  Pylon  
  123  18:57  Nexus  
  121  19:03  Immortal  
  121  19:07  Protoss Ground Armor Level 1  
  125  19:24  Probe (Chrono Boost)  
  128  19:25  Probe x2 (Chrono Boost)  
  128  19:37  Probe (Chrono Boost)  
  129  19:40  Nexus  
  75  20:25  High Templar x4  
  75  20:26  High Templar x3  
  79  20:35  Archon x3, Assimilator  
  75  20:37  Pylon, Assimilator  
  75  20:40  Archon  
  75  20:41  Archon x2  
  73  20:43  High Templar  
  73  20:44  High Templar x3  
  81  20:59  High Templar x2  
  81  21:00  High Templar x2  
  81  21:03  Archon  
  89  21:04  Archon  
  89  21:09  Probe (Chrono Boost)  
  89  21:10  Probe x2 (Chrono Boost)  
  92  21:18  Pylon  
  92  21:21  Assimilator  
  92  21:25  Assimilator  
  92  21:29  Archon  
  92  21:31  Archon  
  80  21:55  Probe x2 (Chrono Boost)  
  80  21:56  Probe (Chrono Boost)  
  80  21:57  Probe (Chrono Boost)  
  80  21:58  Zealot  
  80  21:59  Zealot x6  
  80  22:00  Zealot x3  
  100  22:39  Pylon  
  93  22:46  Zealot x4  
  93  22:47  Zealot x5  
  110  23:13  Nexus  
  86  23:39  High Templar x7  
  86  23:40  High Templar x4  
  108  23:54  Pylon  
  108  24:06  Pylon  
  84  24:37  High Templar  
  84  24:38  High Templar x7  
  94  24:39  High Templar  
  94  24:42  Archon x4  
  94  24:45  High Templar  
  104  25:00  Archon  
  104  25:06  Archon x2  
  104  25:07  Archon  
  84  25:46  Nexus  
  84  25:59  Probe (Chrono Boost)  
  85  26:04  Assimilator  
  85  26:09  Assimilator  
  81  26:23  Probe (Chrono Boost)  
  81  26:24  Probe (Chrono Boost)  
  83  26:27  Probe (Chrono Boost)  
  84  26:47  High Templar x2  
  84  26:48  High Templar x6  
  96  27:17  Archon x3  
  96  27:18  Archon x3  
  46  27:36  High Templar x2  
  46  27:37  High Templar x2  
  50  27:53  Probe (Chrono Boost)  
  50  27:54  Probe (Chrono Boost)  
  50  27:55  Probe x2 (Chrono Boost)  
  54  28:47  Mothership Core (Chrono Boost)  
  56  28:58  Pylon, High Templar  
  56  28:59  High Templar x2  
  62  29:02  Archon  
  62  29:08  High Templar  
  64  29:13  Archon  
  53  29:25  Archon  
  53  29:26  Archon  
  53  29:31  Zealot x5  
  55  29:32  Zealot x2  
  67  30:10  Nexus  
  67  30:34  Probe (Chrono Boost)  
  67  30:35  Probe x2 (Chrono Boost)  
  71  30:36  Probe (Chrono Boost)  
  71  30:42  Pylon  
  71  30:45  Observer  
  72  31:10  Assimilator  
  72  31:12  Probe x2 (Chrono Boost)  
  72  31:14  Probe (Chrono Boost), Assimilator  
  32  31:44  High Templar  
  32  31:45  High Templar x4  
  32  31:47  Zealot x3  
  44  31:49  Archon x2  
Tags
 
Composition
MMM Bio
Matchup
PvT
Replay Pack
All Mines
Spawn Locations
Cross Positions
Add a new tag
Caveats
  • Supply blocks, unpowered buildings, or Contaminate may cause inaccurate times.
  • Supply counts are checked every 10 seconds.